Map: Frozen Temple

Players

Anansi - Winner!

  • Race: Zerg Zerg
  • League: Master

llllllllllll

  • Race: Terran Terran
  • League: Master

VOD

Have the link to the VOD?

Description

Time

  • Played on: Oct. 13, 2016, 7:16 p.m.
  • Length: 4:59
Show
View Real Time Build Order
Export as new Build Order

Anansi Zerg - Winner!

Build Orders: Hatch First 

Get SALT Encoding   

  12  0:06  Drone  
  13  0:13  Overlord  
  13  0:18  Drone  
  14  0:32  Drone x2  
  16  0:39  Drone  
  17  0:52  Hatchery  
  17  0:55  Drone  
  17  1:00  Drone  
  18  1:09  Extractor  
  17  1:15  Spawning Pool  
  17  1:17  Drone  
  17  1:22  Drone  
  18  1:32  Drone  
  19  1:43  Overlord  
  19  1:54  Drone  
  20  2:02  Queen  
  20  2:04  Queen, Zergling x2  
  20  2:06  Zergling x2  
  26  2:11  Metabolic Boost  
  26  2:15  Drone  
  27  2:18  Drone  
  28  2:25  Drone  
  29  2:31  Roach Warren  
  29  2:33  Drone  
  29  2:37  Drone x2  
  31  2:47  Overlord  
  31  2:50  Overlord  
  31  3:01  Drone x2  
  33  3:16  Roach x6  
  45  3:21  Overlord  
  45  3:37  Zergling x10  
  50  3:48  Overlord  
  50  3:49  Zergling x2  
  50  3:50  Zergling x8  
  50  3:54  Overlord, Zergling x2  
  56  4:06  Ravager x2  
  57  4:10  Zergling x2  
  57  4:11  Zergling x2  
  59  4:22  Zergling x2  
  59  4:23  Zergling x14  
  61  4:36  Zergling x4  
  56  4:51  Hatchery  
Show
View Real Time Build Order
Export as new Build Order

llllllllllll Terran 

Build Orders: Reaper Expand 

Get SALT Encoding   

  12  0:01  SCV  
  13  0:13  SCV  
  14  0:19  Supply Depot  
  14  0:25  SCV  
  15  0:41  SCV  
  15  0:42  Barracks  
  16  0:46  Refinery  
  16  0:53  SCV  
  17  1:05  SCV  
  19  1:18  SCV  
  19  1:30  Reaper  
  19  1:31  Orbital Command  
  20  1:41  Command Center  
  20  1:52  Barracks  
  20  1:57  SCV  
  21  2:01  Refinery  
  21  2:05  Barracks Reactor  
  21  2:10  SCV  
  22  2:17  Supply Depot  
  22  2:28  Factory  
  22  2:29  SCV  
  23  2:41  SCV  
  24  2:45  Barracks Tech Lab  
  24  2:48  Marine  
  24  2:49  Marine  
  26  2:55  SCV, Orbital Command  
  27  3:08  SCV  
  28  3:13  Starport  
  28  3:22  SCV x2, Factory Reactor  
  30  3:33  Supply Depot  
  30  3:34  SCV x2  
  32  3:42  Marine  
  32  3:43  Marine x2  
  32  3:47  SCV  
  32  3:48  SCV  
  36  3:56  Supply Depot  
  36  3:59  SCV  
  36  4:00  Marine x2, SCV  
  36  4:01  Marine  
  41  4:17  Widow Mine, Medivac x2  
  41  4:18  Marine x3  
  38  4:36  Marine x3  
  25  4:40  SCV x2  
Tags
 
Add a new tag
Caveats
  • Supply blocks, unpowered buildings, or Contaminate may cause inaccurate times.
  • Supply counts are checked every 10 seconds.